[Event "Ceske Budejovice GM 2022"]
[Site "Ceske Budejovice"]
[Date "2022.07.04"]
[Round "4.4"]
[White "Omelja, Artem"]
[Black "Morgunov, Marc"]
[Result "1/2-1/2"]
[ECO "E97"]
[WhiteElo "2478"]
[BlackElo "2376"]
[Annotator "TA"]
[PlyCount "70"]
[EventDate "2022.07.01"]
[EventType "tourn"]
[EventCountry "CZE"]
[SourceTitle "playchess.com"]
[Source "ChessBase"]
[SourceQuality "1"]
[TimeControl "40/5400+30:1800+30"]

1. Nf3 Nf6 2. c4 g6 3. Nc3 Bg7 4. e4 d6 5. d4 O-O 6. Be2 e5 7. O-O Nc6 8. d5 Ne7 9. b4 Nh5 10. g3 f5 11. Ng5 Nf6 12. Bf3 {[%emt 0:00:13] E97: King's Indian: Classical Main Line (6...e5 7 0-0 Nc6): 8 Be3 and 8 d5 Ne7, not 9 Ne1.} (12. f3 {with more complications.} c6 13. Rb1 h6 14. Ne6) 12... c6 13. b5 cxd5 14. cxd5 {[%emt 0:02:30] White has an edge.} ({But not} 14. Nxd5 h6 15. Nxf6+ Bxf6 $17) (14. exd5 e4 15. Be2 Ne8 $11) 14... h6 15. Ne6 Bxe6 16. dxe6 fxe4 17. Nxe4 (17. Bg2 {is interesting.} Rc8 18. Qb3 Kh7 19. Nxe4 d5 20. Nxf6+ Rxf6 21. Bb2) 17... Nxe4 18. Bxe4 {[%emt 0:00:08] Hoping for Ba3. A strong pair of Bishops.} d5 {[%emt 0:00:12] [#]} 19. Ba3 $1 {[%emt 0:02:06] Strongly threatening Bxe7.} dxe4 20. Qxd8 {[%emt 0:00:18][%mdl 64] Remove Defender} Rfxd8 21. Bxe7 Re8 22. Bc5 Rxe6 23. Rfd1 a6 {[%emt 0:04:56] [#]} 24. Rab1 $146 ({Predecessor:} 24. b6 Rc8 25. Be3 Kf7 26. Rac1 Rxc1 27. Rxc1 Re7 28. Rc4 Ke6 29. Rxe4 Kd5 30. Rg4 {½-½ (69) Nazaretyan,T (2316)-Najdin,D (2285) Tuapse 2021}) 24... b6 {[%emt 0:09:08] The position is equal.} 25. Be3 axb5 26. Rxb5 Rxa2 27. Rd8+ Kf7 28. Bxb6 Bf6 29. Rc8 Re8 30. Rxe8 Kxe8 $11 {[%emt 0:00:13] KRB-KRB} 31. Be3 h5 32. Rb4 Kf7 33. Rxe4 Ke6 34. Kg2 Kf5 35. Kf3 Ra3 {[%emt 0:00:57] Weighted Error Value: White=0.03 (flawless) /Black=0.03 (flawless)} 1/2-1/2

[Event "Ceske Budejovice GM 2022"]
[Site "Ceske Budejovice"]
[Date "2022.07.04"]
[Round "4.5"]
[White "Kraus, Tomas"]
[Black "Gazik, Viktor"]
[Result "1-0"]
[ECO "B22"]
[WhiteElo "2488"]
[BlackElo "2544"]
[Annotator "TA"]
[PlyCount "63"]
[EventDate "2022.07.01"]
[EventType "tourn"]
[EventCountry "CZE"]
[SourceTitle "playchess.com"]
[Source "ChessBase"]
[SourceQuality "1"]
[TimeControl "40/5400+30:1800+30"]

1. e4 c5 2. c3 Nf6 3. e5 Nd5 4. Nf3 Nc6 5. d4 cxd4 6. cxd4 d6 7. Bc4 e6 8. O-O Be7 9. Qe2 O-O 10. Qe4 {[%emt 0:01:28] 10.Rd1 is the modern continuation.} Bd7 11. Bb3 {[%emt 0:01:27] B22: Sicilian: 2 c3.} Rc8 12. Nc3 dxe5 13. dxe5 {[%emt 0:06:57] White has an edge.} Nxc3 14. bxc3 Qa5 {[%emt 0:00:12] [#]} 15. Bd2 $146 ({Predecessor:} 15. Bc2 g6 16. Bh6 Rfd8 17. Qf4 Qxc3 18. Rac1 Qb4 19. Be4 Nd4 20. Nxd4 Qxd4 21. Bxb7 Qxf4 22. Bxf4 Rxc1 23. Rxc1 {1-0 (57) Kislinsky,A (2463)-Pichot,A (2630) Chess.com INT 2021}) 15... Rfd8 16. h4 Be8 $1 17. Rad1 ({Much weaker is} 17. Bc2 g6 18. Rfd1 Qd5 $11) 17... Bf8 (17... Qc7 $14) 18. h5 $40 {[%emt 0:09:17][%mdl 128] [#] Black must now prevent Ng5. White is out for blood. White is more active.} Qc5 $2 {[%emt 0:07:04][%mdl 8192] A mistake that costs the game.} (18... Be7 $16) 19. Ng5 $18 g6 20. hxg6 hxg6 21. Qh4 Bg7 {[%emt 0:00:26] [#]} 22. Bxe6 $1 Ra8 (22... Nxe5 23. Qh7+) 23. Bb3 {[%emt 0:07:15] aiming for e6.} Nxe5 24. Qh7+ Kf8 25. Ne4 {[%emt 0:00:47] Bh6 would kill now.} Qc7 (25... Nf3+ $18 26. gxf3 Qh5 27. Qxh5 gxh5) 26. Bh6 Bxh6 27. Qxh6+ Ke7 28. Qh4+ Kf8 29. Qh8+ Ke7 30. Qf6+ Kf8 31. Nd6 {[%emt 0:03:56] White wants to mate with Qh8+.} Qxc3 32. Rfe1 $2 {[%emt 0:00:57] Weighted Error Value: White=1.13/Black=1.00} (32. Qh8+ {mates} Ke7 33. Rfe1 Rxd6 34. Rxe5+ Qxe5 35. Qxe5+ Re6 36. Bxe6 fxe6 37. Qc7+ Kf6 38. Qxb7) 1-0

[Event "Ceske Budejovice GM 2022"]
[Site "Ceske Budejovice"]
[Date "2022.07.05"]
[Round "5.1"]
[White "Gazik, Viktor"]
[Black "Sahidi, Samir"]
[Result "1-0"]
[ECO "B10"]
[WhiteElo "2544"]
[BlackElo "2462"]
[Annotator "TA"]
[PlyCount "85"]
[EventDate "2022.07.01"]
[EventType "tourn"]
[EventCountry "CZE"]
[SourceTitle "playchess.com"]
[Source "ChessBase"]
[SourceQuality "1"]
[TimeControl "40/5400+30:1800+30"]

1. e4 c6 2. Nf3 d5 3. d3 Bg4 4. h3 Bh5 5. Nc3 e6 6. g4 {[%emt 0:00:33] B11: Caro-Kann: Two Knights Variation.} Bg6 7. h4 {[%emt 0:00:15] [#] Black must now prevent h5.} h6 8. Bd2 {[%emt 0:14:12] [#] White has an edge.} dxe4 $146 ({Predecessor:} 8... Nd7 9. exd5 cxd5 10. Qe2 h5 11. g5 Ne7 12. O-O-O Qb6 13. Qe3 Qxe3 14. fxe3 Nc6 {½-½ (62) Makovsky,P (2476)-Gburek,J (2467) ICCF email 2013}) 9. Ne5 Bh7 10. dxe4 ({Not} 10. Nxe4 Bxe4 11. dxe4 Qd4 $17) 10... Nf6 11. Qe2 (11. Bg2 {with more complications.} Qd4 12. Nxf7 Kxf7 13. g5) 11... Nbd7 12. Nd3 {[%emt 0:03:37] Strongly threatening g5. White is more active.} (12. Nxf7 {looks sharper.} Kxf7 13. g5 b5 14. gxf6 Qxf6 15. Rh3) 12... Qc7 (12... Nb6 $14) 13. g5 $18 Ng8 14. O-O-O O-O-O {[%emt 0:01:24] [#]} 15. Qf3 $1 Nc5 (15... hxg5 {is a better defense.} 16. hxg5 (16. Qxf7 Ngf6 $14) 16... Bd6) 16. Bf4 Nxd3+ 17. Rxd3 Rxd3 18. Bxd3 ({Don't play} 18. cxd3 e5 19. Be3 Kb8 $16) 18... e5 19. Bg3 ({White should play} 19. Be3 $18) 19... Bd6 $16 20. Bc4 $36 {[%emt 0:00:25][%mdl 2048] White is on the roll.} Ne7 $2 {[%emt 0:00:47] A mistake that costs the game.} (20... Qe7 $16) 21. Qxf7 $18 Ng6 22. Qe6+ Qd7 23. gxh6 gxh6 24. h5 Nf4 25. Qxh6 Bf8 26. Qg5 Qg7 (26... Qe7 27. Bxf4 exf4 28. Qxf4 Bg7) 27. Bxf4 {[%emt 0:01:44] Hoping for Be6+.} exf4 28. Qxf4 $2 (28. Be6+ Kc7 29. Qa5+ Kd6 30. Bh3) 28... Qh6 29. Qxh6 Bxh6+ 30. Kd1 Kd7 31. Ke2 Ke7 32. f3 b5 33. Bb3 a5 34. a4 b4 35. Nd1 {[%emt 0:00:31] White is clearly winning.} Bg7 36. Ne3 Bxb2 37. Nc4 Bc3 38. Nxa5 Kd6 39. Rg1 Rf8 40. Nc4+ Kc7 41. e5 {[%emt 0:02:51] Threatens to win with Rg7+.} Bg8 42. Rg7+ Kd8 43. Na5 {[%emt 0:00:12][%csl LRc6,LRg8] Weighted Error Value: White=0.24 (precise) /Black=0.35} 1-0

[Event "Ceske Budejovice GM 2022"]
[Site "Ceske Budejovice"]
[Date "2022.07.05"]
[Round "5.2"]
[White "Morgunov, Marc"]
[Black "Kraus, Tomas"]
[Result "1/2-1/2"]
[ECO "B11"]
[WhiteElo "2376"]
[BlackElo "2488"]
[Annotator "TA"]
[PlyCount "30"]
[EventDate "2022.07.01"]
[EventType "tourn"]
[EventCountry "CZE"]
[SourceTitle "playchess.com"]
[Source "ChessBase"]
[SourceQuality "1"]
[TimeControl "40/5400+30:1800+30"]

1. e4 c6 2. Nc3 d5 3. Nf3 Bg4 4. h3 Bxf3 5. Qxf3 e6 6. Be2 Bc5 {[%emt 0:01:53][%cal Bf8c5,Bc5d4,Bd4e5][%mdl 32] B11: Caro-Kann: Two Knights Variation.} 7. O-O Nd7 8. Qg3 Bd4 {[%emt 0:00:54] The position is equal.} (8... Ngf6 {seems wilder.} 9. d3 O-O 10. Bf4 Ne8) 9. exd5 exd5 10. Bd1 Ne7 11. Ne2 Be5 12. Qf3 d4 {[%emt 0:14:09] [#]} 13. c3 $146 ({Predecessor:} 13. d3 O-O 14. Bf4 Bf6 15. Ng3 Nd5 16. Ne4 Be5 17. Bxe5 Nxe5 18. Qg3 Qc7 19. c3 dxc3 20. bxc3 {1-0 (34) Karacsonyi,G (2340)-Sturt,R (2500) Belgrade 2021}) 13... Nc5 14. b4 Ne6 15. Bb3 O-O {[%emt 0:10:48] A rather calm draw.  Weighted Error Value: White=0.03 (flawless) /Black=0.06 (flawless)} 1/2-1/2

[Event "Ceske Budejovice GM 2022"]
[Site "Ceske Budejovice"]
[Date "2022.07.05"]
[Round "5.3"]
[White "Vykouk, Jan"]
[Black "Omelja, Artem"]
[Result "0-1"]
[ECO "C50"]
[WhiteElo "2476"]
[BlackElo "2478"]
[Annotator "TA"]
[PlyCount "64"]
[EventDate "2022.07.01"]
[EventType "tourn"]
[EventCountry "CZE"]
[SourceTitle "playchess.com"]
[Source "ChessBase"]
[SourceQuality "1"]
[TimeControl "40/5400+30:1800+30"]

1. e4 e5 2. Nf3 Nc6 3. Bc4 Bc5 4. O-O Nf6 5. d3 d6 6. c3 a6 7. a4 {[%emt 0:05:31] C54: Giuoco Piano: 4 c3 Nf6, main lines with 5 d4 and 5 d3.} Ba7 8. Re1 h6 9. Be3 {[%emt 0:02:52] The position is equal.} Bxe3 {[%emt 0:00:30] [#]} 10. fxe3 $146 ({Predecessor:} 10. Rxe3 O-O 11. Re1 a5 12. Nbd2 Re8 13. Qb3 Qe7 14. Nf1 Rb8 15. Ne3 Be6 16. h3 Bxc4 17. Nxc4 {0-1 (44) Ganguly,S (2635)-Yilmaz,M (2630) chess24.com INT 2020}) 10... O-O 11. Nbd2 Ne7 12. d4 Ng6 13. Bd3 a5 14. b4 b6 15. bxa5 bxa5 16. Bb5 Bb7 17. d5 Ne7 18. Rb1 c6 19. Be2 Qc7 20. c4 Nd7 21. Rf1 Nc5 22. g4 {[%emt 0:14:18] [#] Against f5} Bc8 $1 23. Nh4 Bd7 24. Nb3 $2 (24. Nf5 {might work better.} Nxf5 25. exf5) 24... Nxe4 $19 {[%emt 0:03:26] White must now prevent ...Nc3.} 25. Qd3 cxd5 26. Rfc1 Rfc8 {[%emt 0:02:20] Threatens to win with ...Rab8.} 27. cxd5 Nc3 {[%emt 0:00:11] Black is clearly winning.} 28. Bf3 Rab8 29. Kh1 Bxa4 30. Nd2 Bb5 31. Rxb5 Rxb5 32. Ne4 {[%emt 0:00:56] [#]} Nxe4 $1 {[%emt 0:01:12] Weighted Error Value: White=0.47/Black=0.02 (flawless)} 0-1

[Event "Ceske Budejovice GM 2022"]
[Site "Ceske Budejovice"]
[Date "2022.07.05"]
[Round "5.4"]
[White "Hollan, Martin"]
[Black "Stefansson, Hannes"]
[Result "1/2-1/2"]
[ECO "D02"]
[WhiteElo "2399"]
[BlackElo "2541"]
[Annotator "TA"]
[PlyCount "133"]
[EventDate "2022.07.01"]
[EventType "tourn"]
[EventCountry "CZE"]
[SourceTitle "playchess.com"]
[Source "ChessBase"]
[SourceQuality "1"]
[TimeControl "40/5400+30:1800+30"]

1. d4 d5 2. Nf3 Nf6 3. c4 c6 4. Qc2 dxc4 5. Qxc4 Bf5 6. Nc3 e6 7. g3 b5 {[%emt 0:02:28] D23: Queen's Gambit Accepted: 3 Nf3 Nf6 sidelines.} 8. Qb3 b4 9. Na4 Be4 {[%emt 0:03:40] White is slightly better.} 10. Bg2 Nbd7 11. O-O Be7 12. Bg5 O-O 13. Rac1 Rc8 (13... Qa5 $11) 14. Bxf6 {[%emt 0:06:02] [#]} (14. Ne5 $5 ) 14... Nxf6 $146 ({Predecessor:} 14... gxf6 15. Rfd1 Qa5 16. Nd2 Bd5 17. Nc4 Qa6 18. e4 Bxc4 19. Rxc4 Nb6 20. Nxb6 axb6 {1-0 (102) Arancibia Guzman,E (2401)-Egger Mancilla,J (2424) Santiago de Chile 2008}) 15. Nc5 Bxf3 (15... Bxc5 $14 16. Rxc5 Nd7) 16. Bxf3 $16 Bxc5 17. Rxc5 Qxd4 18. Rc4 (18. Rxc6 Rxc6 19. Bxc6 g6 $11) 18... Qe5 19. Rxb4 Rb8 20. Rc1 $1 a5 21. Rb7 g5 22. Bxc6 (22. Rxc6 Rxb7 23. Qxb7 g4 $11) 22... Rxb7 23. Bxb7 Qxe2 (23... Rb8 $1 $11) 24. Rc5 (24. Qc3 $1 $16 Ng4 25. Rc2 Qd1+ 26. Kg2) 24... h6 $11 25. Qc3 Ng4 $40 {[%emt 0:02:18][%mdl 128] Black has some attack.} 26. Qf3 Qxb2 {[%emt 0:00:55][%cal Og4f2] Threatens to win with ...Nxf2!} 27. Qxg4 Qb1+ 28. Kg2 Qxb7+ {[%emt 0:00:06][%mdl 4096] Endgame KQR-KQR} 29. Qf3 Qb4 (29... Qa7 $5 30. Rc1 Qd7 $15) 30. Qe3 Rb8 31. h3 (31. a4 $11) 31... a4 32. Rc7 (32. h4 $15) 32... Qd6 33. Rc4 a3 (33... Rb4 $17 34. Rxb4 Qxb4) 34. Rc3 (34. Rc5 $1 $11) 34... Rb1 (34... Rb2 $17 35. Rxa3 Rxa2 $1 36. Rxa2 Qd5+ 37. Kf1 Qxa2) 35. Rc8+ (35. Qd3 $11 {remains equal.} Qb4 36. Qd8+ Kg7 37. Rf3) 35... Kg7 $17 36. Qc3+ (36. Rc3 $142) 36... e5 $1 37. Qc5 {[%emt 0:01:21] Prevents Qd5+.} Rd1 (37... Qxc5 $142 38. Rxc5 Rb2) 38. Rc6 (38. Qxd6 $17 Rxd6 39. Rc3) 38... Qd4 $19 39. Qxd4 exd4 $17 {[%emt 0:00:05] KR-KR} ({Stronger than} 39... Rxd4 40. Rc3 $15) 40. Ra6 {[%emt 0:00:24] [#]} Rd3 $1 41. h4 Rc3 42. hxg5 hxg5 {[%emt 0:00:06] Strongly threatening ...g4.} 43. Rd6 (43. g4 $17) 43... d3 (43... Rc2 $19 {aiming for ...g4.} 44. Rxd4 Kf6) 44. Kf3 {[%emt 0:06:12] [#]} (44. g4 $17 {was the only defense.}) 44... Rc2 $2 (44... f5 $1 $19 {and Black stays clearly on top. Hoping for ...Kf7.} 45. Ra6 Kf7) 45. Rxd3 Rxa2 46. g4 $1 Ra1 47. Rd5 f6 $2 (47... Kf6 $19 48. Rf5+ Kg6) 48. Ra5 $2 (48. Rd7+ $11 {and White has nothing to worry.} Kf8 49. Ra7) 48... Kf7 $2 (48... a2 $19 {White must now prevent ...Kg8.} 49. Ra7+ Kg8) 49. Ra6 $2 (49. Ra7+ $11 Kg6 50. Ra6) 49... Ke7 $2 ({Better is} 49... a2 $19 {And now ...Ke7 would win.} 50. Ke2 Ke8) 50. Ke4 $11 Ra2 51. Ke3 Kd7 52. Rxf6 Kc7 53. Ra6 {[%emt 0:00:33] The position is equal.} Kb7 54. Ra4 (54. Ra5 Kb6 55. Ra8 (55. Rxg5 Rb2 $17) 55... Ra1) 54... Kb6 55. f4 Ra1 56. fxg5 a2 57. g6 {[%emt 0:00:15] g7 is the strong threat.} Re1+ 58. Kf4 a1=Q 59. Rxa1 Rxa1 {[%emt 0:00:05] KR-KPP} 60. g7 Ra8 61. Kf5 Kc6 62. Ke6 Kc5 $1 63. Kf7 Ra7+ 64. Kf8 Ra8+ 65. Kf7 Ra7+ 66. Kf8 Ra8+ 67. Kf7 {Weighted Error Value: White=0.34/Black=0.39} 1/2-1/2

[Event "Ceske Budejovice GM 2022"]
[Site "Ceske Budejovice"]
[Date "2022.07.05"]
[Round "5.5"]
[White "Donchenko, Alexander"]
[Black "Malinovsky, Karel"]
[Result "1-0"]
[ECO "D35"]
[WhiteElo "2640"]
[BlackElo "2463"]
[Annotator "TA"]
[PlyCount "91"]
[EventDate "2022.07.01"]
[EventType "tourn"]
[EventCountry "CZE"]
[SourceTitle "playchess.com"]
[Source "ChessBase"]
[SourceQuality "1"]
[TimeControl "40/5400+30:1800+30"]

1. d4 d5 2. c4 e6 3. Nc3 Nf6 4. cxd5 exd5 5. Bg5 c6 6. e3 Bf5 7. Qf3 Be6 8. Bxf6 {[%emt 0:01:32] D35: Queen's Gambit Declined: Exchange Variation.} Qxf6 9. Qxf6 gxf6 10. Bd3 {[%emt 0:01:51] White is slightly better.} Nd7 11. Nge2 Nb6 12. Nf4 h5 13. h4 Bd6 14. Nce2 {[%emt 0:01:44] [#]} Ke7 $146 ({Predecessor:} 14... Nc8 15. Bc2 Ne7 16. Nd3 Bf5 17. Rc1 O-O-O 18. Nc5 Bg4 19. b4 b6 20. Nd3 Bf5 {½-½ (38) Jakovenko,D (2735)-Liu,Q (2538) China 2018}) 15. Rc1 Rag8 16. O-O a5 17. a3 a4 18. Rc3 f5 ({Better is} 18... Rb8 $14) 19. Rb1 Kf6 20. g3 Ra8 21. Kg2 Nc8 22. Nh3 {[%emt 0:05:17] White is more active. Pair of Knights!} Ne7 23. Nc1 ({White should try} 23. Nef4 $16) 23... b6 (23... f4 $14) 24. Be2 $16 c5 25. Nd3 cxd4 26. exd4 Ng6 (26... Rhc8 $16) 27. Rc6 $18 Ke7 28. Rxb6 f4 29. Nhxf4 ({Much less strong is} 29. Ndxf4 Nxf4+ 30. Nxf4 Bxf4 $16) (29. Ng5 $18) 29... Nxf4+ $14 30. Nxf4 Bxf4 31. gxf4 Rhg8+ 32. Kh2 Rac8 (32... Kf6 $16) 33. Rg1 ({Don't take} 33. Bxh5 $6 Rh8 34. Rb7+ Kf6 $14) 33... Bg4 $2 {[%emt 0:00:41] [#] A mistake that costs the game.} (33... Rb8 $16) 34. f3 Bd7 35. Rxg8 Rxg8 $18 {[%emt 0:00:03][%mdl 4096] Endgame KRB-KRB} 36. Bd3 Rc8 37. Rb7 Kd6 {[%emt 0:00:03] [#]} (37... Rd8 38. f5 f6) 38. Rxd7+ $1 Kxd7 {[%emt 0:00:02] KR-KB} (38... Ke6 39. Bb5) 39. Bf5+ {[%emt 0:00:07] White mates.} Kd8 40. Bxc8 Kxc8 {[%emt 0:00:03] KP-KP} 41. Kg3 Kd7 42. Kf2 Kc6 43. Ke3 Kb5 44. Kd3 f5 45. Kc3 Ka5 46. b3 {[%emt 0:00:00] Weighted Error Value: White=0.11 (very precise) /Black=0.37} 1-0

[Event "Ceske Budejovice GM 2022"]
[Site "Ceske Budejovice"]
[Date "2022.07.06"]
[Round "6.1"]
[White "Sahidi, Samir"]
[Black "Malinovsky, Karel"]
[Result "1/2-1/2"]
[ECO "C91"]
[WhiteElo "2462"]
[BlackElo "2463"]
[Annotator "TA"]
[PlyCount "82"]
[EventDate "2022.07.01"]
[EventType "tourn"]
[EventCountry "CZE"]
[SourceTitle "playchess.com"]
[Source "ChessBase"]
[SourceQuality "1"]
[TimeControl "40/5400+30:1800+30"]

1. e4 e5 2. Nf3 Nc6 3. Bb5 a6 4. Ba4 Nf6 5. O-O Be7 6. Re1 b5 7. Bb3 d6 8. c3 O-O 9. d4 Bg4 10. Be3 exd4 11. cxd4 Na5 {[%emt 0:00:12] C91: Closed Ruy Lopez: 7...d6 8 c3 0-0 9 d4.} (11... Nxe4 $2 12. Qc2 $18 (12. Bd5 Nb4 $18)) 12. h3 Nxb3 13. axb3 Bh5 14. Nbd2 Bg6 15. Bg5 {[%emt 0:00:33] [#]} h6 $146 ({Predecessor:} 15... Re8 16. Bxf6 Bxf6 17. b4 c5 18. bxc5 dxc5 19. e5 Be7 20. Nb3 c4 21. Nc1 Bb4 {½-½ (73) Talukdar,R (2331)-Eckert,D (2139) Montreal 2020}) 16. Bh4 (16. Bxf6 $5 Bxf6 17. b4 $11) 16... Re8 17. e5 dxe5 18. Bxf6 (18. Rxe5 $15 Nd5 19. Bxe7 Nxe7 20. Nf1) 18... Bxf6 19. dxe5 Be7 20. Ne4 Bb4 {[%emt 0:03:25] [#] Threatens to win with ...Qxd1.} 21. Re3 Qxd1+ 22. Rxd1 Rad8 23. Rc1 Ba5 (23... Bxe4 $5 24. Rxe4 c5 $15) 24. Nc5 Bb6 $1 25. b4 Rd5 $1 {[%emt 0:02:08] Strongly threatening ...a5.} 26. Rec3 a5 27. bxa5 Bxa5 {[%emt 0:00:05] This bishop pair is nice.} 28. Rb3 Bb6 29. Na6 ({Of course not} 29. Rxb5 Bd3 30. Nxd3 Rxb5 $17) 29... Red8 30. Kh2 Rd1 ({Much weaker is} 30... Bxf2 $6 31. Nxc7 R5d7 32. Rcc3 $11) 31. Rxd1 Rxd1 32. Rxb5 Rf1 (32... Be4 $15) 33. Nb4 (33. Nc5 $11 {keeps the balance.}) 33... Rxf2 $17 34. Nd5 Bd3 35. Rb4 {[%emt 0:00:19] [#]} Bf1 ({Black should try} 35... Bc5 $1 $17 36. Rb8+ Kh7) 36. Nxb6 $11 {[%emt 0:04:01] The position is equal.} Rxg2+ (36... cxb6 $2 37. Kg1 Rxf3 38. gxf3 Bxh3 39. Rxb6 $18) 37. Kh1 {[%emt 0:00:07] aiming for Nd7.} cxb6 38. Nh2 Rf2 39. Kg1 $1 Rg2+ 40. Kh1 Rf2 41. Kg1 $1 Rg2+ {[%emt 0:31:03] Weighted Error Value: White=0.11 (very precise) /Black=0.10 (very precise)} 1/2-1/2

[Event "Ceske Budejovice GM 2022"]
[Site "Ceske Budejovice"]
[Date "2022.07.06"]
[Round "6.2"]
[White "Stefansson, Hannes"]
[Black "Donchenko, Alexander"]
[Result "1-0"]
[ECO "B51"]
[WhiteElo "2541"]
[BlackElo "2640"]
[Annotator "TA"]
[PlyCount "59"]
[EventDate "2022.07.01"]
[EventType "tourn"]
[EventCountry "CZE"]
[SourceTitle "playchess.com"]
[Source "ChessBase"]
[SourceQuality "1"]
[TimeControl "40/5400+30:1800+30"]

1. e4 c5 2. Nf3 d6 3. Bb5+ Nd7 4. d4 cxd4 5. Qxd4 a6 6. Bxd7+ Bxd7 7. c4 {[%emt 0:01:25] B51: Sicilian: Moscow Variation (3 Bb5+) without 3...Bd7.} Nf6 8. Bg5 e6 9. Nc3 {[%emt 0:01:54] The position is equal.} Bc6 10. O-O Be7 11. a4 {[%emt 0:10:48] [#]} h6 $146 ({Predecessor:} 11... O-O 12. Rfd1 h6 13. Bh4 Qa5 14. Qd3 Rac8 15. b3 Rfd8 16. Nd4 Be8 17. f3 Qh5 {0-1 (83) Zhang,Z (2640)-Wei,Y (2729) Hangzhou 2022}) 12. Bh4 O-O 13. a5 Nxe4 14. Bxe7 $16 {[%emt 0:08:30] White is more active.} Nxc3 $1 15. Qh4 $1 ({Stronger than} 15. Qxd6 Qxd6 16. Bxd6 Rfd8 17. bxc3 Rxd6 $17) 15... Ne2+ 16. Kh1 Qc7 {[%emt 0:00:10] A mistake that costs the game.} 17. Bxf8 $18 Rxf8 (17... Bxf3 18. gxf3 e5) 18. Rfe1 Bxf3 19. gxf3 Qc6 {[%emt 0:00:06][%cal Rc6f3] [#]} 20. Ra3 g5 21. Qxh6 Nf4 22. Qxg5+ Ng6 23. h4 {[%emt 0:06:52][%cal Bh2h4,Bh4h5][%mdl 32] Threatens to win with h5.} Kg7 (23... Qxc4 $142 24. h5 Qh4+ 25. Qxh4 Nxh4) 24. h5 Rh8 25. Kg1 Rh6 26. f4 Qxc4 27. Rg3 {[%emt 0:00:13] [#] Strongly threatening f5.} Qc6 28. f5 exf5 29. Qxf5 {[%emt 0:00:13] White threatens Re7 and mate.} Kf8 {[%emt 0:02:04] Prevents Re7.} 30. Rxg6 {[%emt 0:01:09] Weighted Error Value: White=0.10 (very precise) /Black=0.92} 1-0

[Event "Ceske Budejovice GM 2022"]
[Site "Ceske Budejovice"]
[Date "2022.07.06"]
[Round "6.4"]
[White "Kraus, Tomas"]
[Black "Vykouk, Jan"]
[Result "1/2-1/2"]
[ECO "B22"]
[WhiteElo "2488"]
[BlackElo "2476"]
[Annotator "TA"]
[PlyCount "68"]
[EventDate "2022.07.01"]
[EventType "tourn"]
[EventCountry "CZE"]
[SourceTitle "playchess.com"]
[Source "ChessBase"]
[SourceQuality "1"]
[TimeControl "40/5400+30:1800+30"]

1. e4 c5 2. c3 Nf6 3. e5 Nd5 4. Nf3 d6 5. d4 cxd4 6. cxd4 Nc6 7. Bc4 Nb6 8. Bb5 a6 9. Bxc6+ bxc6 10. O-O Bg4 $1 {[%emt 0:08:27] The main line 10...Bg4 scores better than 10...g6. B22: Sicilian: 2 c3.} 11. h3 {[%emt 0:03:26] [#]} Bf5 $146 ({Predecessor:} 11... Bh5 12. Nbd2 e6 13. b3 d5 14. a4 Nd7 15. Ba3 Bxa3 16. Rxa3 a5 17. Qc2 Rc8 18. Qc3 {0-1 (36) Belyakov,B (2505)-Sjugirov,S (2662) St Petersburg 2019}) 12. exd6 (12. Nc3 $14) 12... exd6 {[%emt 0:13:14] The position is equal.} 13. Re1+ Be7 14. Bg5 f6 15. Bd2 {[%emt 0:04:37] Hoping for Nh4.} Nd5 16. Nc3 Nxc3 17. Bxc3 {[%emt 0:00:02] [#] Strongly threatening d5.} O-O 18. Qe2 {[%emt 0:03:48] Threatens to win with Nh4.} Rf7 19. Rac1 (19. d5 $14 c5 20. Nd2) 19... d5 $11 20. Nd2 a5 21. Qf3 Qd7 22. Re3 a4 23. a3 g5 24. Rce1 {[%emt 0:03:53][%cal Oe3e7] [#] aiming for Rxe7!} Bd6 25. Qe2 Ra7 26. g4 Bg6 27. Re8+ Kg7 28. Qe6 Qxe6 ({Black should try} 28... Rf8 $15 29. Rxf8 Bxf8) 29. R1xe6 Rfd7 30. Rc8 Bf7 {[%emt 0:01:27] A strong pair of Bishops.} 31. Re1 Rdc7 32. Rxc7 (32. Rd8 $11 Be7 33. Rb8) 32... Rxc7 $15 33. Nf1 Rb7 (33... Bg6 $15) 34. Ne3 (34. Ng3 $1 $11 Bf8 35. Nf5+ Kg6 36. f3) 34... Bg6 {[%emt 0:00:07] Weighted Error Value: White=0.18 (very precise) /Black=0.13 (very precise)} 1/2-1/2